 Dungeon Crawl Stone Soup version 0.27-a0-1416-g941b2bd30b (webtiles) character file.

Game seed: 3790949906786907564

89 sokol815 the Digger (level 4, 0/27 HPs)
             Began as an Octopode Earth Elementalist on July 2, 2021.
             Was an Initiate of Qazlal.
             Slain by Ijyb (3 damage)
             ... on level 3 of the Dungeon.
             The game lasted 00:05:32 (3661 turns).

sokol815 the Digger (Octopode Earth Elementalist)   Turns: 3661, Time: 00:05:32

Health: 0/27       AC:  1    Str:  5 (7)  XL:     4   Next: 55%
Magic:  7/7        EV: 13    Int: 16 (17) God:    Qazlal [......]
Gold:   54         SH:  0    Dex: 11 (13) Spells: 3/7 levels left

rFire    + . .     SeeInvis .   a - +0 dagger
rCold    + . .     Faith    .   (no shield)
rNeg     . . .     Spirit   .   (helmet restricted)
rPois    +         Reflect  .   (no amulet)
rElec    +         Harm     .   (no ring)
rCorr    +         Rampage  .   (no ring)
Will     .....                  (no ring)
Stlth    +++.......             (no ring)
HPRegen  0.09/turn              (no ring)
MPRegen  0.10/turn              (no ring)
                                (no ring)
                                (no ring)

@: resistant
A: almost no armour, amphibious, 8 rings, camouflage 1, gelatinous body 1,
(nimble swimmer 1), tentacles
a: Renounce Religion


You were on level 3 of the Dungeon.
You worshipped Qazlal.
Qazlal was noncommittal.
You visited 1 branch of the dungeon, and saw 3 of its levels.

You collected 54 gold pieces.

Inventory:

Hand Weapons
 a - a +0 dagger (weapon)
   (You took it off a goblin on level 1 of the Dungeon)
Missiles
 b - 7 boomerangs (quivered)
 d - 3 poisoned darts
 g - 44 sling bullets
 s - 6 stones
Scrolls
 c - 2 scrolls of identify {unknown}
 h - a scroll of magic mapping {unknown}


   Skills:
 - Level 2.0 Dodging
 - Level 2.6 Stealth
 - Level 2.0 Spellcasting
 * Level 2.6 Conjurations
 - Level 1.0 Transmutations
 - Level 4.2 Earth Magic


You had 3 spell levels left.
You knew the following spells:

 Your Spells              Type           Power      Damage    Failure   Level
a - Sandblast             Erth           30%        2d9       3%          1
x - Stone Arrow           Conj/Erth      24%        3d8       16%         3

Your spell library contained the following spells:

 Spells                   Type           Power      Damage    Failure   Level
 Passwall                 Tmut/Erth      8%         N/A       11%         2
 Animate Skeleton         Necr           2%         N/A       21%         1
 Apportation              Tloc           2%         N/A       21%         1
 Corona                   Hex            1%         N/A       21%         1
 Summon Small Mammal      Summ           4%         N/A       21%         1
 Inner Flame              Hex/Fire       1%         N/A       52%         3
 Petrify                  Tmut/Erth      10%        N/A       56%         4
 Lee's Rapid Deconstruct  Erth           7%         3d8*      69%         5
 Cause Fear               Hex            0%         N/A       90%         4
 Discord                  Hex            0%         N/A       100%        8


Dungeon Overview and Level Annotations

Branches:
Dungeon (3/15)

Altars:
Qazlal

Annotations:
D:3 Ijyb


Innate Abilities, Weirdness & Mutations

You cannot wear most types of armour.
You are amphibious.
You can wear up to eight rings at the same time.
Your skin changes colour to match your surroundings (Stealth+).
Your rubbery body absorbs attacks. (AC +1, EV +1)
((You are camouflaged near water. (Stealth+)))
You have tentacles for arms and can constrict up to eight enemies at once.


Message History

Qazlal accepts your kill.
s - 6 stones You now have 5/7 mp.
You see here a dart slug corpse.
You pick up a book of Cantrips and begin reading...
You add the spells Corona, Animate Skeleton, Summon Small Mammal and Apportation to your library.
MP restored: 7 A bat comes into view.
You throw a boomerang. The boomerang closely misses the bat.
The bat closely misses you.
You hit the bat but do no damage. You grab the bat. You constrict the bat.
The bat misses you.
The bat struggles to escape constriction. x2
You hit the bat but do no damage. You squeeze the bat.
You kill the bat!
Qazlal accepts your kill.
No target in view!
A kobold comes into view. It is wielding a +0 club.
You throw a boomerang.
The boomerang hits the kobold but does no damage.
The kobold shouts!
You throw a boomerang. The boomerang hits the kobold.
You kill the kobold!
Qazlal accepts your kill.
No target in view!
No target in view!
No target in view!
Things that are here:
a +0 club; a kobold corpse A giant cockroach comes into view.
The giant cockroach moves out of view.
A giant cockroach is nearby!
You throw a boomerang.
The boomerang closely misses the giant cockroach.
You throw a boomerang.
The boomerang hits the giant cockroach but does no damage.
You hear a shout!
Ijyb the Twisted Goblin comes into view.
She is wielding a +0 club and carrying a wand of iceblast (6).
Ijyb moves out of view.
You barely miss the giant cockroach. Your grab misses the giant cockroach.
Your squeeze misses the giant cockroach.
The giant cockroach barely misses you.
You hit the giant cockroach but do no damage.
Your grab misses the giant cockroach. The giant cockroach barely misses you.
You hit the giant cockroach. You grab the giant cockroach.
You constrict the giant cockroach.
The giant cockroach bites you but does no damage.
You hit the giant cockroach.
You constrict the giant cockroach, but do no damage.
The giant cockroach barely misses you. The giant cockroach bites you.
You take 1 damage, and have 26/27 hp.
You hit the giant cockroach.
You kill the giant cockroach!
Qazlal accepts your kill. Ijyb screams, "I cut your head off!"
Ijyb zaps a wand.
The mass of ice explodes!
The iceblast engulfs you!
You take 7 damage, and have 19/27 hp.
MASSIVE DAMAGE!!
Ijyb barely misses you.
You hit Ijyb. You grab Ijyb. You constrict Ijyb. Ijyb misses you.
You hit Ijyb but do no damage. You constrict Ijyb.
Ijyb hits you with a +0 club.
You take 1 damage, and have 18/27 hp.
You hit Ijyb but do no damage. You constrict Ijyb, but do no damage.
Ijyb completely misses you.
You hit Ijyb. You constrict Ijyb. Ijyb closely misses you.
You hit Ijyb but do no damage. You constrict Ijyb, but do no damage.
Ijyb screams, "Get away!"
Ijyb hits you with a +0 club.
You take 3 damage, and have 15/27 hp.
You hit Ijyb but do no damage. You constrict Ijyb, but do no damage.
Ijyb hits you with a +0 club.
You take 3 damage, and have 12/27 hp.
You hit Ijyb but do no damage. You constrict Ijyb.
Ijyb hits you with a +0 club!
* * * LOW HITPOINT WARNING * * *
You take 8 damage, and have 4/27 hp.
MASSIVE DAMAGE!!
It was a potion of degeneration.
There was something very wrong with that liquid.
You feel weakened.
You feel dopey.
You feel clumsy.
You constrict Ijyb. Ijyb misses you.
It was a potion of curing.
You feel better.
You constrict Ijyb, but do no damage. Ijyb barely misses you.
You regained 5 hp, and now have 9/27 hp.
It was a potion of resistance.
You feel protected.
You constrict Ijyb, but do no damage. Ijyb hits you with a +0 club.
* * * LOW HITPOINT WARNING * * *
You take 3 damage, and have 6/27 hp.
You hit Ijyb but do no damage. You constrict Ijyb, but do no damage.
Ijyb hits you with a +0 club.
* * * LOW HITPOINT WARNING * * *
You take 3 damage, and have 3/27 hp.
You hit Ijyb but do no damage. You constrict Ijyb. Ijyb misses you.
You hit Ijyb. You constrict Ijyb. Ijyb hits you with a +0 club.
You die...

#.###.###..###.#.##
###.#........##....#
#...)....###.....†.#
#........# ####...##
#..##.#..# ##.##
#..##.#..# #.#
#.....#..# #.#
#...###..# ##'##
#..g@....# ##...##
###.###### ##.....##
#.# ##.......# #.#
#......... #..
+......... #.#
#......... ...
##.......# ..
##..†..## ##.†.##


You could see Ijyb.

Vanquished Creatures
  An adder (D:2)
  2 worms
  4 dart slugs
  4 endoplasms
  3 giant cockroaches
  2 goblins
  4 hobgoblins
  15 jackals
  2 quokkas
  A ball python (D:2)
  4 bats
  5 frilled lizards
  9 kobolds
  7 rats
63 creatures vanquished.

Notes
Turn   | Place    | Note
-------+----------+-------------------------------------------
     0 | D:1      | sokol815 the Octopode Earth Elementalist began the quest
                  | for the Orb.
     0 | D:1      | Reached XP level 1. HP: 11/11 MP: 3/3
   193 | D:1      | Reached XP level 2. HP: 5/17 MP: 3/5
   200 | D:1      | Found a faded altar of an unknown god.
   203 | D:1      | HP: 4/17 [jackal (1)]
   925 | D:1      | Reached skill level 4 in Earth Magic
  1105 | D:1      | Reached XP level 3. HP: 21/21 MP: 6/6
  1925 | D:2      | Learned a level 3 spell: Stone Arrow
  2011 | D:2      | Reached skill level 1 in Conjurations
  2300 | D:2      | Reached XP level 4. HP: 27/27 MP: 7/7
  2678 | D:2      | Found a stormy altar of Qazlal.
  2715 | D:2      | Reached skill level 2 in Conjurations
  2742 | D:2      | Became a worshipper of Qazlal Stormbringer
  3640 | D:3      | Noticed Ijyb
  3655 | D:3      | HP: 4/27 [Ijyb (8)]
  3661 | D:3      | Slain by Ijyb

Illustrated notes

Levels and vault maps discovered:
D:1:      lightli_arrival_farm, layout_loops_corners,
          hellmonk_ecumenical_altar_heavens_door
D:2:      layout_basic, basic_altar
D:3:      layout_loops_corners, uniq_ijyb, uniq_grinder

Skill      XL: |  1  2  3  4 |
---------------+-------------+-----
Earth Magic    | 4 |  4.2
Conjurations   | 1 2 |  2.6
Dodging        | |  2.0
Stealth        | |  2.6
Spellcasting   | |  2.0
Transmutations | |  1.0

Action                   |  1- 3 |  4- 6 || total
-------------------------+-------+-------++-------
Melee: Unarmed           |    10 |       ||    10
       Constrict         |    12 |    10 ||    22
       Tentacles         |     4 |     8 ||    12
       Club              |    19 |       ||    19
       Dagger            |    14 |    53 ||    67
       Short sword       |     5 |       ||     5
Throw: Dart              |    66 |       ||    66
       Stone             |     7 |     4 ||    11
       Boomerang         |       |    36 ||    36
 Cast: Sandblast         |    22 |     8 ||    30
  Use: Potion            |       |     3 ||     3
Armor: Skin              |     2 |     4 ||     6
Dodge: Dodged            |    58 |    30 ||    88

Table legend: (Time is in decaauts)
 A = Elapsed time spent in this place.
 B = Non-inter-level travel time spent in this place.
 C = Inter-level travel time spent in this place.
 D = Time resting spent in this place.
 E = Time spent auto-exploring this place.
 F = Levels seen in this place.
 G = Mean time per level.
                   A        B        C        D        E       F      G
               +--------+--------+--------+--------+--------+-----+--------+
         Total |   3679 |   3434 |    245 |    771 |   2220 |   3 | 1226.3 |
       Dungeon |   3679 |   3434 |    245 |    771 |   2220 |   3 | 1226.3 |
               +--------+--------+--------+--------+--------+-----+--------+

Top non-repeatable levels by time:
     D:2: 1524 daAuts
     D:1: 1480 daAuts
     D:3: 673 daAuts

Table legend:
 A = Kills in this place as a percentage of kills in entire the game.
 B = Kills by you in this place as a percentage of kills by you in the entire game.
 C = Kills by friends in this place as a percentage of kills by friends in the entire game.
 D = Other kills in this place as a percentage of other kills in the entire game.
 E = Experience gained in this place as a percentage of experience gained in the entire game.
 F = Experience gained in this place divided by the number of levels of this place that you have seen.
                   A       B       C       D       E      F
               +-------+-------+-------+-------+-------+----------------------
         Total | 100.0 | 100.0 |   N/A |   N/A | 100.0 |  42.7
       Dungeon | 100.0 | 100.0 |   N/A |   N/A | 100.0 |  42.7
               +-------+-------+-------+-------+-------+----------------------
